 Dungeon Crawl Stone Soup version 0.30-a0-622-gddc90eaa04 (webtiles) character file.

Game seed: 7582755185539571239

150 wormed the Poker (level 4, 0/37 HPs)
             Began as a Demigod Gladiator on Jan 10, 2023.
             Slain by Ijyb
             ... wielding a +0 spectral club
              (3 damage)
             ... on level 3 of the Dungeon.
             The game lasted 00:02:36 (1868 turns).

wormed the Poker (Demigod Gladiator)                Turns: 1868, Time: 00:02:37

Health: 0/37       AC:  3    Str: 23    XL:     4   Next: 84%
Magic:  6/6        EV: 12    Int:  9    God:
Gold:   69         SH:  0    Dex: 14    Spells: 3/3 levels left

rFire   . . .      SeeInvis .    a - +0 trident
rCold   . . .      Faith    .    (no shield)
rNeg    . . .      Spirit   .    b - +0 leather armour
rPois   .          Reflect  .    (helmet restricted)
rElec   .          Harm     .    (no cloak)
rCorr   .          Rampage  .    (no gloves)
Will    .....                    (no boots)
Stlth   +                        (no amulet)
HPRegen 0.26/turn                (no ring)
MPRegen 0.10/turn                (no ring)

@: hasted, very quick
A: high MP 1, forlorn, divine attributes, horns 1, strong 1
a: no special abilities


You were on level 3 of the Dungeon.
You visited 1 branch of the dungeon, and saw 3 of its levels.

You collected 69 gold pieces.

Inventory:

Hand Weapons
 a - a +0 trident (weapon)
Missiles
 e - a javelin (quivered)
 k - 2 poisoned darts
Armour
 b - a +0 leather armour (worn)
 c - a +0 helmet
Jewellery
 l - a ring of willpower
Scrolls
 f - 2 scrolls of teleportation {unknown}
 g - a scroll of noise {unknown}
 i - a scroll of amnesia {unknown}


   Skills:
 + Level 2.4 Fighting
 * Level 3.6 Polearms
 + Level 2.3 Throwing
 + Level 1.2 Armour
 + Level 3.2 Dodging
 + Level 1.3 Shields


You had 3 spell levels left.
You didn't know any spells.
Your spell library contained the following spells:

 Spells                   Type           Power      Damage    Failure   Level
 Sandblast                Erth           0%         2d4       43%         1
 Passwall                 Tmut/Erth      0%         N/A       56%         2
 Stone Arrow              Conj/Erth      0%         3d7       80%         3


Dungeon Overview and Level Annotations

Branches:
Dungeon (3/15)

Annotations:
D:3 Ijyb


Innate Abilities, Weirdness & Mutations

You have an increased reservoir of magic. (+10% MP)
You shall have no god before yourself.
Your divine heritage dramatically boosts your attributes as you level up.
You have a pair of small horns on your head.
Your muscles are strong. (Str +4, Int/Dex -1)


Message History

You hit Ijyb but do no damage.
Ijyb is lightly wounded.
Ijyb hits you with a +0 spectral club.
* * * LOW HITPOINT WARNING * * *
You puncture Ijyb!
Ijyb is heavily wounded.
Ijyb closely misses you.
You closely miss Ijyb.
Ijyb is heavily wounded.
Ijyb screams, "Die!"
Ijyb hits you with a +0 spectral club.
* * * LOW HITPOINT WARNING * * *
You feel better. Ijyb barely misses you.
You closely miss Ijyb.
Ijyb is heavily wounded.
Ijyb barely misses you.
You closely miss Ijyb.
Ijyb is heavily wounded.
Ijyb barely misses you.
You hit Ijyb but do no damage.
Ijyb is heavily wounded.
Ijyb zaps a wand.
The puff of flame hits you!
* * * LOW HITPOINT WARNING * * *
You barely miss Ijyb.
Ijyb is heavily wounded.
Ijyb hits you with a +0 spectral club.
* * * LOW HITPOINT WARNING * * *
Ijyb closely misses you.
It was a potion of haste.
You feel yourself speed up.
Ijyb grins evilly.
Ijyb hits you but does no damage.
It was a potion of mutation.
You feel extremely strange. A pair of horns grows on your head!
Your +0 helmet falls away!
You feel stronger.
Sorry, you're not good enough to have a special ability.
You hit Ijyb but do no damage.
Ijyb is heavily wounded.
Ijyb hits you with a +0 spectral club.
You die...

#.........#
#.........#
#.........#
#......... ........
#....#
#...<#######..
#######....@g.....(.
#..........##.......
#..........# .......
#.......#### S......
#######.# .......
#.# ....... . #.#
....... #..###'###
....... #......#


You could see Ijyb.

Vanquished Creatures
  Natasha (thrice) (D:2)
  3 adders (D:3)
  4 ball pythons
  4 endoplasms (D:1)
  2 giant cockroaches
  3 goblins (D:1)
  7 hobgoblins
  5 jackals
  8 bats
  4 frilled lizards
  2 kobolds (D:1)
  6 rats
51 creatures vanquished.

Notes
Turn   | Place    | Note
-------+----------+-------------------------------------------
     0 | D:1      | wormed the Demigod Gladiator began the quest for the Orb.
     0 | D:1      | Reached XP level 1. HP: 17/17 MP: 3/3
   187 | D:1      | Reached XP level 2. HP: 24/24 MP: 4/4
   645 | D:1      | Reached XP level 3. HP: 29/29 MP: 5/5
   815 | D:2      | Noticed Natasha
   825 | D:2      | Killed Natasha
   986 | D:2      | Reached skill level 1 in Shields
  1293 | D:2      | Noticed Natasha
  1303 | D:2      | Killed Natasha
  1304 | D:2      | Reached skill level 1 in Armour
  1304 | D:2      | Reached XP level 4. HP: 11/36 MP: 6/6
  1710 | D:2      | Noticed Natasha
  1723 | D:2      | Killed Natasha
  1817 | D:3      | Noticed Ijyb
  1867 | D:3      | Gained mutation: You have a pair of small horns on your
                  | head. [potion of mutation]
  1867 | D:3      | Gained mutation: Your muscles are strong. (Str +4, Int/Dex
                  | -1) [potion of mutation]
  1868 | D:3      | Slain by Ijyb

Illustrated notes

Levels and vault maps discovered:
D:1:      dpeg_arrival_boxes_within_box, layout_loops_ring
D:2:      layout_loops_corners, basic_altar, uniq_natasha
D:3:      layout_basic, serial_curves, eino_curves_04, eino_curves_04,
          eino_curves_02, eino_curves_04, dilly_ecumenical_altar_fadedgnrine,
          grunt_decor_mini_mirrors, corner_web_ring, uniq_ijyb

Skill      XL: |  1  2  3 |
---------------+----------+-----
Polearms       | 3 |  3.6
Fighting       | 2 |  2.4
Throwing       | 2 |  2.3
Dodging        | 3 |  3.2
Shields        | 1 |  1.3
Armour         | 1 |  1.2

Action                   |  1- 3 |  4- 6 || total
-------------------------+-------+-------++-------
Melee: Trident           |   127 |    67 ||   194
       Punch             |       |     1 ||     1
Throw: Throwing net      |     1 |     2 ||     3
  Use: Potion            |       |     4 ||     4
 Stab: Sleeping          |     2 |       ||     2
       Distracted        |     1 |       ||     1
       Held in net/web   |     1 |       ||     1
Armor: Leather armour    |    42 |    15 ||    57
Dodge: Dodged            |   100 |    38 ||   138

Table legend: (Time is in decaauts)
 A = Elapsed time spent in this place.
 B = Non-inter-level travel time spent in this place.
 C = Inter-level travel time spent in this place.
 D = Time resting spent in this place.
 E = Time spent auto-exploring this place.
 F = Levels seen in this place.
 G = Mean time per level.
                   A        B        C        D        E       F      G
               +--------+--------+--------+--------+--------+-----+--------+
         Total |   1902 |   1858 |     44 |      0 |   1483 |   3 |  634.0 |
       Dungeon |   1902 |   1858 |     44 |      0 |   1483 |   3 |  634.0 |
               +--------+--------+--------+--------+--------+-----+--------+

Top non-repeatable levels by time:
     D:2: 1028 daAuts
     D:1: 805 daAuts
     D:3: 68 daAuts
